 Dungeon Crawl Stone Soup version 0.30-a0-939-gc8157cb160 (webtiles) character file.

Game seed: 15676670757963254756

2802 gruber the Destroyer (level 9, 0/54 HPs)
             Began as a Tengu Conjurer on Mar 25, 2023.
             Was a Follower of Vehumet.
             Slain by a gnoll sergeant
             ... wielding a +2 trident of flaming
              (2 damage)
             ... on level 7 of the Dungeon.
             The game lasted 00:13:02 (6485 turns).

gruber the Destroyer (Tengu Conjurer)               Turns: 6485, Time: 00:13:02

Health: 0/54       AC:  6    Str:  8    XL:     9   Next: 71%
Magic:  11/20      EV: 21    Int: 22    God:    Vehumet [*.....]
Gold:   282        SH:  0    Dex: 13    Spells: 15/22 levels left

rFire   . . .      SeeInvis .    B - +2 whip (elec)
rCold   + + .      Faith    .    (no shield)
rNeg    . . .      Spirit   .    C - +2 robe {rC+}
rPois   .          Reflect  .    D - +2 hat of Sunlight {Regen+}
rElec   .          Rampage  .    (no cloak)
rCorr   .                        (no gloves)
Will    .....                    (boots unavailable)
Stlth   ++                       (no amulet)
HPRegen 1.09/turn                g - ring of protection from cold
MPRegen 0.17/turn                n - +5 ring of evasion

@: lethally poisoned (0 -> 0), marked, weakened, flying quickly and evasively,
quick
A: beak, talons 3, nimble flight
a: Renounce Religion


You were on level 7 of the Dungeon.
You worshipped Vehumet.
Vehumet was aware of your devotion.
You visited 2 branches of the dungeon, and saw 8 of its levels.

You collected 282 gold pieces.

Inventory:

Hand Weapons
 s - a +1 quarterstaff of speed
 B - a +2 whip of electrocution (weapon)
Missiles
 h - 4 poisoned darts
 p - 5 curare-tipped darts
Armour
 C - a +2 robe of cold resistance (worn)
 D - the +2 hat of Sunlight (worn) {Regen+}
   (You found it on level 5 of the Dungeon)

   Regen:     It increases your rate of health regeneration.
Magical Staves
 f - a staff of earth
Jewellery
 g - a ring of protection from cold (left hand)
 m - a ring of ice
 n - a +5 ring of evasion (right hand)
Wands
 x - a wand of quicksilver (1)
Scrolls
 a - a scroll of fog {unknown}
 c - a scroll of magic mapping {unknown}
 d - a scroll of enchant weapon {unknown}
 e - 3 scrolls of amnesia {unknown}
 i - 8 scrolls of identify {unknown}
 j - 2 scrolls of poison {unknown}
 l - 2 scrolls of teleportation {unknown}
 o - 2 scrolls of immolation {unknown}
 q - a scroll of silence {unknown}
 u - 2 scrolls of brand weapon {unknown}
 y - 2 scrolls of blinking {unknown}
 E - a scroll of vulnerability {unknown}
Potions
 b - a potion of magic
 k - 2 potions of heal wounds {unknown}
 r - a potion of invisibility {unknown}
 t - 3 potions of brilliance {unknown}
 v - 3 potions of attraction {unknown}
 w - a potion of flight {unknown}
 z - 4 potions of curing {unknown}
 A - a potion of ambrosia {unknown}


   Skills:
 - Level 5.0 Fighting
 - Level 3.3 Armour
 - Level 4.1 Dodging
 - Level 2.0 Stealth
 - Level 7.1 Spellcasting
 * Level 11.7 Conjurations


You had 15 spell levels left.
You knew the following spells:

 Your Spells              Type           Power      Damage    Failure   Level
a - Magic Dart            Conj           100%       1d8       1%          1
b - Searing Ray           Conj           100%       2d8       1%          2
c - Iskenderun's Mystic   Conj/Tloc      33%        2d8       8%          4

Your spell library contained the following spells:

 Spells                   Type           Power      Damage    Failure   Level
 Sandblast                Erth           14%        2d6       9%          1
 Dazzling Flash           Conj/Hex       66%        N/A       2%          3
 Fulminant Prism          Conj/Hex       16%        3d11      8%          4
 Sting                    Tmut/Pois      28%        1d4       9%          1
 Cigotuvi's Dreadful Rot  Necr/Pois/Air  14%        N/A       12%         2
 Poisonous Vapours        Pois/Air       14%        N/A       12%         2
 Inner Flame              Hex/Fire       7%         N/A       24%         3
 Animate Dead             Necr           7%         N/A       63%         4
 Cause Fear               Hex            3%         N/A       63%         4
 Dispel Undead            Necr           7%         3d8       63%         4
 Olgreb's Toxic Radiance  Pois           7%         N/A       63%         4
 Borgnjor's Vile Clutch   Necr/Erth      3%         N/A       92%         5
 Death Channel            Necr           3%         N/A       100%        6
 Discord                  Hex            3%         N/A       100%        8
 Chain Lightning          Conj/Air       16%        3d22      100%        9
 Fire Storm               Conj/Fire      16%        8d4       100%        9
 Shatter                  Erth           3%         3d7*      100%        9


Dungeon Overview and Level Annotations

Branches:
Dungeon (7/15)             Temple (1/1) D:6

Altars:
Ashenzari
Cheibriados
Dithmenos
Elyvilon
Fedhas
Gozag
Hepliaklqana
Makhleb
Nemelex Xobeh
Qazlal
Ru
Sif Muna
Trog
Uskayaw
Vehumet
Wu Jian
Xom
Yredelemnul
Zin
The Shining One

Shops:
D:3 =   D:5 *

Annotations:
D:2 Terence


Innate Abilities, Weirdness & Mutations

You have a beak for a mouth.
You have claws for feet.
Your magical nature lets you fly swiftly and evasively.


Message History

The gnoll sergeant burns you.
Unknown command.
Unknown command.
Unknown command.
Unknown command.
The searing ray hits the gnoll sergeant.
The gnoll sergeant is almost dead.
The searing ray hits the killer bee!
The killer bee is almost dead.
The searing ray hits the gnoll.
You kill the gnoll!
Vehumet accepts your kill.
You feel sick.
A killer bee comes into view.
The gnoll sergeant hits you from afar with a +2 trident of flaming.
* * * LOW HITPOINT WARNING * * *
The gnoll sergeant burns you.
* * * LOW HITPOINT WARNING * * *
The gnoll bouda gazes fiercely through you!
You feel your attacks grow feeble.
Unknown command.
Unknown command.
The searing ray hits the gnoll sergeant but does no damage.
The gnoll sergeant is almost dead.
The searing ray misses the killer bee.
The searing ray hits the killer bee!
The killer bee is heavily wounded.
You finish channelling your searing ray.
You feel sick.
The gnoll sergeant hits you but does no damage.
The gnoll bouda barks out a call to the hunt!
The gnolls pick up the pace!
Unknown command.
Unknown command.
Unknown command.
Unknown command.
You feel sick.
The gnoll sergeant hits you from afar with a +2 trident of flaming.
* * * LOW HITPOINT WARNING * * *
The gnoll sergeant burns you.
You die...

##.... ... .>. .(.o..
... ... ## .. #.# .# #.
#.# .### #.## #.# g..##
#..# #.#
...g######o#####.####...
........ygoygyg.........
##.##....gyg.###@####...
#..##.......# #<#
###.##.......###.#
.....))....g.##..#
##...###g##g#...## ###.#
#.##.#...# #..
#.##.#...#
##.......#...#
####.......#


You could see an orc warrior, a gnoll sergeant (swift), 2 killer bees, 2 gnolls
and an orc.

Vanquished Creatures
  Pikel (D:4)
  An unseen horror (D:7)
  Grinder (D:5)
  Menkaure (D:4)
  Duvessa (D:4)
  A water moccasin (D:5)
  An orc warrior (D:6)
  A black bear (D:5)
  An ogre (D:5)
  3 lemures (D:4)
  A phantom (D:5)
  A kobold brigand (D:6)
  3 scorpions
  Dowan (D:4)
  3 killer bees (D:7)
  2 hounds
  A jelly (D:5)
  4 orc priests
  6 iguanas
  Natasha (thrice) (D:4)
  5 orc wizards
  5 gnolls
  9 adders
  2 ufetubi
  4 worms
  2 dart slugs
  8 orcs
  4 bats
  5 endoplasms
  5 giant cockroaches
  7 goblins
  3 hobgoblins
  2 jackals (D:2)
  A quokka (D:1)
  10 ball pythons
  A frilled lizard (D:3)
  12 kobolds
  5 rats
127 creatures vanquished.

Notes
Turn   | Place    | Note
-------+----------+-------------------------------------------
     0 | D:1      | gruber the Tengu Conjurer began the quest for the Orb.
     0 | D:1      | Reached XP level 1. HP: 10/10 MP: 4/4
   327 | D:1      | Reached XP level 2. HP: 15/15 MP: 4/6
   331 | D:1      | Learned a level 2 spell: Searing Ray
   350 | D:1      | Reached skill level 6 in Conjurations
   826 | D:2      | Noticed Terence
   996 | D:2      | Reached XP level 3. HP: 19/19 MP: 3/7
  1036 | D:2      | Found a faded altar of an unknown god.
  1347 | D:2      | Reached skill level 7 in Conjurations
  1677 | D:3      | Found Atawouwi's Jewellery Emporium.
  1710 | D:3      | Reached XP level 4. HP: 24/24 MP: 3/8
  2330 | D:3      | Found an opulent altar of Gozag.
  2890 | D:4      | Noticed Menkaure
  2896 | D:4      | Killed Menkaure
  2897 | D:4      | Reached skill level 8 in Conjurations
  2897 | D:4      | Gained mutation: Your magical nature lets you fly swiftly
                  | and evasively. [Tengu growth]
  2897 | D:4      | Reached XP level 5. HP: 26/28 MP: 2/11
  2897 | D:4      | Reached XP level 6. HP: 30/32 MP: 2/12
  3058 | D:4      | Noticed Natasha
  3060 | D:4      | Killed Natasha
  3151 | D:4      | Noticed Natasha
  3155 | D:4      | Killed Natasha
  3160 | D:4      | Noticed Natasha
  3168 | D:4      | Killed Natasha
  3333 | D:4      | Reached skill level 9 in Conjurations
  3592 | D:4      | Found a burning altar of Makhleb.
  3600 | D:4      | Noticed Duvessa
  3615 | D:4      | Noticed Pikel
  3636 | D:4      | Killed Duvessa
  3637 | D:4      | Reached XP level 7. HP: 27/36 MP: 0/15
  3765 | D:4      | Noticed Dowan
  3772 | D:4      | Killed Dowan
  3773 | D:4      | Reached skill level 5 in Spellcasting
  3780 | D:4      | Killed Pikel
  3781 | D:4      | Reached XP level 8. HP: 11/41 MP: 1/19
  4065 | D:5      | Entered Level 5 of the Dungeon
  4070 | D:5      | Reached skill level 1 in Armour
  4109 | D:5      | Learned a level 4 spell: Iskenderun's Mystic Blast
  4138 | D:5      | Noticed Grinder
  4144 | D:5      | Paralysed by Grinder for 5 turns
  4150 | D:5      | Killed Grinder
  4319 | D:5      | Reached skill level 1 in Fighting
  4577 | D:5      | Identified the +2 hat of Sunlight {Regen+}
  4797 | D:5      | Found Otes Iri's Neck Hole.
  4806 | D:5      | Reached XP level 9. HP: 52/52 MP: 13/20
  4913 | D:5      | Found a broken altar of Ashenzari.
  5252 | D:6      | Found a staircase to the Ecumenical Temple.
  5343 | D:6      | Reached skill level 5 in Fighting
  5361 | Temple   | Entered the Ecumenical Temple
  5361 | Temple   | Found a transporter.
  5361 | Temple   | Found a transporter.
  5473 | Temple   | Found a transporter.
  5473 | Temple   | Found a transporter.
  5502 | Temple   | Became a worshipper of Vehumet
  5852 | D:6      | Reached skill level 10 in Conjurations
  6282 | D:7      | Killed an unseen horror
  6283 | D:7      | Reached skill level 11 in Conjurations
  6481 | D:7      | Reached * piety under Vehumet
  6481 | D:7      | Offered knowledge of Sandblast by Vehumet.
  6485 | D:7      | HP: 2/54 [gnoll sergeant/+2 trident of flaming (6)]
  6485 | D:7      | Slain by a gnoll sergeant

Illustrated notes

Levels and vault maps discovered:
D:1:      tarquinn_simple_flora_water_b, layout_basic
D:2:      layout_basic, shapermc_ecumenical_altar_mp_highgroup, uniq_terence
D:3:      layout_basic, mainiacjoe_overflow_concentric_impassable, serial_shops,
          nicolae_shop_trees, kennysheep_potato
D:4:      layout_basic, mainiacjoe_overflow_24_doors, uniq_duvessa,
          uniq_menkaure, uniq_pikel, uniq_natasha
D:5:      layout_loops_ring, ashenzari_conservatory_becter,
          nicolae_shop_sticking_my_neck_out, uniq_grinder
D:6:      layout_rooms, minmay_temple_entry_ruins
D:7:      layout_rooms
Temple:   hellmonk_temple_divided_pantheon

Skill      XL: |  1  2  3  4  5  6  7  8  9 |
---------------+----------------------------+-----
Conjurations   | 6 7 8 9 11 | 11.7
Spellcasting   | 3 4 7 |  7.1
Armour         | 3 |  3.3
Dodging        | 4 |  4.1
Fighting       | 3 5 |  5.0
Stealth        | |  2.0

Action                     |  1- 3 |  4- 6 |  7- 9 || total
---------------------------+-------+-------+-------++-------
  Melee: Peck              |     1 |     1 |     1 ||     3
         Kick              |     1 |       |     1 ||     2
         Staff             |     1 |       |       ||     1
         Unarmed           |     1 |       |       ||     1
         Quarterstaff      |       |     3 |     1 ||     4
         Whip              |       |       |     5 ||     5
   Cast: Magic Dart        |    50 |    74 |    50 ||   174
         Searing Ray       |     3 |     8 |    42 ||    53
  Evoke: Wand              |       |     3 |     1 ||     4
 Armour: Robe              |       |     1 |    11 ||    12
  Dodge: Dodged            |     2 |    24 |    53 ||    79

Table legend: (Time is in decaauts)
 A = Elapsed time spent in this place.
 B = Non-inter-level travel time spent in this place.
 C = Inter-level travel time spent in this place.
 D = Time resting spent in this place.
 E = Time spent auto-exploring this place.
 F = Levels seen in this place.
 G = Mean time per level.
                   A        B        C        D        E       F      G
               +--------+--------+--------+--------+--------+-----+--------+
         Total |   6318 |   6095 |    223 |     54 |   5272 |   8 |  789.8 |
       Dungeon |   6143 |   5920 |    223 |     54 |   5158 |   7 |  877.6 |
        Temple |    174 |    174 |      0 |      0 |    114 |   1 |  174.0 |
               +--------+--------+--------+--------+--------+-----+--------+

Top non-repeatable levels by time:
     D:3: 1214 daAuts
     D:4: 1125 daAuts
     D:5: 1113 daAuts
     D:1: 907 daAuts
     D:6: 798 daAuts
     D:2: 761 daAuts
     D:7: 222 daAuts
  Temple: 174 daAuts
